 Dungeon Crawl Stone Soup version 0.29.1-14-g9c671dbff4 (webtiles) character file.

Game seed: 8293308517032486944

204 FexLirch the Grave Robber (level 5, -3/35 HPs)
             Began as a Mummy Necromancer on Feb 14, 2023.
             Killed by divine providence
             ... invoked by an orc priest
              (11 damage)
             ... on level 4 of the Dungeon.
             The game lasted 00:11:38 (3533 turns).

FexLirch the Grave Robber (Mummy Necromancer)       Turns: 3533, Time: 00:11:39

Health: -3/35      AC:  2    Str: 11    XL:     5   Next: 52%
Magic:  8/12       EV: 11    Int: 20    God:
Gold:   129        SH:  0    Dex:  7    Spells: 6/14 levels left

rFire   x . .      SeeInvis .   q - +6 sling of Triumph {venom, rPois Int+3 Dex-5}
rCold   + . .      Faith    .   (no shield)
rNeg    + + +      Spirit   .   a - +0 robe
rPois   ∞          Reflect  .   (no helmet)
rElec   .          Harm     .   k - scarf {shadows}
rCorr   .          Rampage  .   (no gloves)
Will    .....                   (no boots)
Stlth   +.........              (no amulet)
HPRegen 0.11/turn               (no ring)
MPRegen 0.13/turn               (no ring)

@: no status effects
A: cold resistance 1, negative energy resistance 3, torment resistance 2, heat
vulnerability 1, in touch with death 1, no potions
a: no special abilities


You were on level 4 of the Dungeon.
You visited 2 branches of the dungeon, and saw 5 of its levels.

You collected 335 gold pieces.
You spent 206 gold pieces at shops.

Inventory:

Hand Weapons
 b - a +0 sling
 e - a +0 club
 f - a +0 spear
 g - a +0 hand axe
 j - a +0 halberd
 m - a +0 trident
 q - the +6 sling of Triumph (weapon) {venom, rPois Int+3 Dex-5}
   (You found it on level 4 of the Dungeon)

   Any ammunition fired from it poisons the flesh of those it strikes.
   Int:       It affects your intelligence (+3).
   Dex:       It affects your dexterity (-5).
   rPois:     It protects you from poison.
Armour
 a - a +0 robe (worn)
 d - a +0 chain mail
 k - a scarf of shadows (worn)
 n - a +0 leather armour
Wands
 o - a wand of quicksilver (8)
Scrolls
 c - a scroll of identify
 h - a scroll of enchant weapon
 i - a scroll of immolation
 l - a scroll of teleportation
 p - a scroll of noise {unknown}


   Skills:
 - Level 1.5 Dodging
 - Level 1.5 Stealth
 + Level 5.3 Spellcasting
 + Level 5.6 Necromancy


You had 6 spell levels left.
You knew the following spells:

 Your Spells              Type           Power      Damage    Failure   Level
a - Necrotise             Necr           100%       1d9       1%          1
b - Vampiric Draining     Necr           41%        2d8       3%          3
c - Animate Dead          Necr           41%        N/A       11%         4

Your spell library contained the following spells:

 Spells                   Type           Power      Damage    Failure   Level
 Agony                    Necr           41%        N/A       30%         5


Dungeon Overview and Level Annotations

Branches:
Dungeon (4/15)             Temple (1/1) D:4

Altars:
Ashenzari
Cheibriados
Dithmenos
Gozag
Hepliaklqana
Okawaru
Wu Jian

Shops:
D:3 *![(

Annotations:
D:3 Jessica


Innate Abilities, Weirdness & Mutations

You are immune to poison.
Your flesh is cold resistant. (rC+)
You are immune to negative energy. (rN+++)
You are immune to unholy pain and torment.
You are vulnerable to heat. (rF-)
You are in touch with the powers of death.
You do not drink.


Message History

Your adder skeleton misses the orc wizard.
Casting: Necrotise (safe; 1% risk of failure)
Confirm with . or Enter, or press ? or * to list all spells.
Aiming: Necrotise (safe; 1% risk of failure)
Press: ? - help, Shift-Dir - straight line, f/p - orc wizard
Aim: an orc wizard, wielding a +0 dagger and wearing a +0 robe (severely wounded, ally target, chance to affect: 83%)
You feel a surge of power!
The orc wizard barely resists.
The orc wizard hits you with a +0 dagger.
Your adder skeleton closely misses the orc wizard.
Casting: Necrotise (safe; 1% risk of failure)
Confirm with . or Enter, or press ? or * to list all spells.
Aiming: Necrotise (safe; 1% risk of failure)
Press: ? - help, Shift-Dir - straight line, f/p - orc wizard
Aim: an orc wizard, wielding a +0 dagger and wearing a +0 robe (severely wounded, ally target, chance to affect: 83%)
You feel a surge of power!
The orc wizard writhes in agony.
You kill the orc wizard!
The dead are walking!
The orc priest invokes the aid of Beogh against you.
Beogh smites you!
Your adder skeleton bites the orc but does no damage.
Casting: Necrotise (safe; 1% risk of failure)
Confirm with . or Enter, or press ? or * to list all spells.
Aiming: Necrotise (safe; 1% risk of failure)
Press: ? - help, Shift-Dir - straight line, f - orc
Aim: an orc, wielding a +0 flail and wearing a +0 leather armour (ally target, chance to affect: 93%)
Okay, then.
Unknown command.
The orc attacks as you move away! The orc hits you with a +0 flail!
Your adder skeleton bites the orc.
The orc priest calls upon Beogh to heal the orc.
The orc's wounds heal themselves!
An orc comes into view. It is wielding a +0 mace.
The orc hits you with a +0 flail.
* * * LOW HITPOINT WARNING * * *
Your orc wizard skeleton hits the orc priest but does no damage.
Your adder skeleton bites the orc.
The orc attacks as you move away! The orc barely misses you.
The orc priest mumbles some strange prayers to Beogh against you.
Beogh smites you!
You die...

...###.... ♣#
#.......... .♣
#o......... .♣
#.........
.♣#########.o.....#
♣##........Z.Z....#
##................#
#..............o..#
#...............@.#
#................<.....
#......................
#..........#####.......
#..........# #.......
....##.....# #.......
...........# #.......
...........#
...........#


You could see an orc priest (ally target), 2 orcs, a friendly adder skeleton and
a friendly orc wizard skeleton.

Vanquished Creatures
  An orc wizard (D:4)
  6 gnolls
  4 adders
  4 worms
  6 orcs
  4 ball pythons
  5 endoplasms
  3 giant cockroaches
  7 goblins
  5 hobgoblins
  2 jackals (D:1)
  3 quokkas
  8 bats
  3 frilled lizards
  4 kobolds
  2 rats (D:2)
67 creatures vanquished.

Vanquished Creatures (collateral kills)
  2 endoplasms
  A goblin (D:3)
3 creatures vanquished.

Vanquished Creatures (others)
  3 plants (D:2)
  4 toadstools (D:1)
7 creatures vanquished.

Grand Total: 77 creatures vanquished

Notes
Turn   | Place    | Note
-------+----------+-------------------------------------------
     0 | D:1      | FexLirch the Mummy Necromancer began the quest for the Orb.
     0 | D:1      | Reached XP level 1. HP: 13/13 MP: 4/4
   256 | D:1      | Reached XP level 2. HP: 19/19 MP: 4/6
  1242 | D:3      | Found Jethru's General Store.
  1247 | D:3      | Bought a scroll of identify for 22 gold pieces
  1427 | D:3      | Gained mutation: You are in touch with the powers of death.
                  | [Mummy growth]
  1427 | D:3      | Reached XP level 3. HP: 24/24 MP: 5/8
  1631 | D:2      | Reached XP level 4. HP: 30/30 MP: 1/10
  1715 | D:2      | Learned a level 3 spell: Vampiric Draining
  1720 | D:2      | Learned a level 4 spell: Animate Dead
  2113 | D:2      | Reached skill level 5 in Necromancy
  2648 | D:3      | Found Izis's Weapon Shoppe.
  2773 | D:3      | Reached XP level 5. HP: 33/35 MP: 3/12
  2782 | D:3      | Reached skill level 5 in Spellcasting
  2942 | D:3      | Found Ojiak's Antique Armour Shoppe.
  2952 | D:3      | Bought a glowing scarf for 184 gold pieces
  3092 | D:3      | Found Lumosaem's Distillery.
  3188 | D:3      | Identified the +8 sling of Gozag's Whim {speed, Contam
                  | *Corrode Will++ Dex+9}
  3233 | D:3      | Noticed Jessica
  3418 | D:4      | Found a staircase to the Ecumenical Temple.
  3424 | Temple   | Entered the Ecumenical Temple
  3480 | D:4      | Identified the +6 sling of Triumph {venom, rPois Int+3
                  | Dex-5}
  3533 | D:4      | Killed from afar by an orc priest

Illustrated notes

Levels and vault maps discovered:
D:1:      ldierk_water_garden, layout_loops_ring
D:2:      wad_lake_hut, layout_basic
D:3:      layout_loops_ring, serial_shops, shop_coins,
          nicolae_shop_hallway_stairs, nicolae_shop_advertising_works
          [nicolae_subvault_shop_adworks], nicolae_shop_behind_doors,
          nicolae_shop_statue_plus, hellmonk_ecumenical_altar_inner_sanctum,
          st_stairs_11, minmay_misc_feat_tiny, kennysheep_generic_room_5,
          uniq_jessica
D:4:      layout_basic, doesnt_xom_only_xom,
          minmay_temple_entry_enclosed_plants, chequers_serial_rivers_micro_c,
          uniq_grinder
Temple:   nicolae_temple_ecumenical_triangle

Skill      XL: |  1  2  3  4  5 |
---------------+----------------+-----
Spellcasting   | 3 4 5 |  5.3
Necromancy     | 5 |  5.6
Dodging        | |  1.5
Stealth        | |  1.5

Action                   |  1- 3 |  4- 6 || total
-------------------------+-------+-------++-------
Melee: Club              |     4 |       ||     4
       Halberd           |       |    17 ||    17
       Spear             |       |     3 ||     3
 Fire: Sling             |    50 |    21 ||    71
 Cast: Necrotise         |    55 |    59 ||   114
       Vampiric Draining |       |     2 ||     2
  Use: Scroll            |     1 |     2 ||     3
 Stab: Sleeping          |       |     1 ||     1
Armor: Robe              |     4 |     3 ||     7
Dodge: Dodged            |    23 |    17 ||    40
